[Event "December 5 Early 2023"]
[Site "https://www.chess.com"]
[Date "2023.12.05"]
[Round "9"]
[White "Matlakov, Maxim"]
[Black "Firouzja, Alireza"]
[Result "1-0"]
[Board "2"]
[TimeControl "180+1"]
[WhiteFideId "4168003"]
[BlackFideId "12573981"]
[WhiteElo "3001"]
[BlackElo "3179"]
[WhiteTeam "RUS"]
[BlackTeam "FRA"]
[WhiteClock "0:00:33"]
[BlackClock "0:00:00"]

1. d4 Nf6 2. Nf3 g6 3. c4 Bg7 4. Nc3 O-O 5. e4 d6 6. Be2 e5 7. O-O Na6 8. Be3 Qe7 9. dxe5 dxe5 10. Nd5 Qd8 11. Qc2 Ng4 12. Rad1 Nxe3 13. Nxe3 Qe7 14. Nd5 Qd6 15. a3 c5 16. h3 Nb8 17. b4 Nc6 18. Nb6 Qxd1 19. Rxd1 axb6 20. Qb3 Be6 21. Rd6 Rfc8 22. b5 Nd4 23. Nxd4 cxd4 24. Rxb6 Rc7 25. a4 Rd8 26. a5 d3 27. Bxd3 Rcd7 28. Be2 Rd2 29. Bg4 Bxg4 30. hxg4 R8d3 31. Qxd3 Rxd3 32. Rxb7 Ra3 33. c5 Bf8 34. c6 Bd6 35. Rd7 1-0

[Event "December 5 Early 2023"]
[Site "https://www.chess.com"]
[Date "2023.12.05"]
[Round "9"]
[White "Andreikin, Dmitry"]
[Black "Martinez Alcantara, Jose Eduardo"]
[Result "1-0"]
[Board "3"]
[TimeControl "180+1"]
[WhiteFideId "4158814"]
[BlackFideId "3805662"]
[WhiteElo "3101"]
[BlackElo "2998"]
[WhiteTeam "FID"]
[BlackTeam "PER"]
[WhiteClock "0:00:22"]
[BlackClock "0:00:01"]

1. d4 Nf6 2. c4 e6 3. Nf3 Bb4+ 4. Bd2 c5 5. Bxb4 cxb4 6. g3 b6 7. Bg2 Bb7 8. O-O a5 9. a3 Na6 10. Nbd2 O-O 11. Qb1 h6 12. Rd1 d6 13. Ne1 Bxg2 14. Kxg2 Qc7 15. Nd3 bxa3 16. bxa3 Nb8 17. Qb5 Nbd7 18. Rac1 Rfc8 19. e3 Rab8 20. Kg1 Qb7 21. Nf4 Rc7 22. Rb1 Qa8 23. h4 Rbc8 24. Ne2 Ne4 25. Nxe4 Qxe4 26. Nc3 Qf3 27. Na4 Rc6 28. Rf1 d5 29. cxd5 exd5 30. Qa6 g5 31. h5 Kg7 32. Nxb6 Re8 33. Qb7 Rxb6 34. Qxd7 Rxb1 35. Qxe8 Rxf1+ 36. Kxf1 Qxh5 37. Qe5+ f6 38. Qxd5 Qd1+ 39. Kg2 a4 40. Qd7+ Kg6 41. Qe8+ Kg7 42. Qe7+ Kg6 43. Qe8+ Kg7 44. Qd7+ Kg6 45. d5 Qb3 46. Qe8+ Kg7 47. Qe7+ Kg6 48. Qe4+ Kg7 49. d6 Qf7 50. Qc6 Qe6 51. Qc7+ Kg6 52. d7 Qe4+ 53. Kh2 Qf3 54. Qc2+ Qf5 55. Qxf5+ Kxf5 56. d8=Q Kg4 57. Qd4+ Kh5 58. Qxa4 f5 59. Qe8+ Kg4 60. Kg2 f4 61. f3+ Kf5 62. g4+ Kf6 63. e4 Kg7 64. e5 Kh7 65. Qf7+ Kh8 66. e6 h5 67. e7 h4 68. e8=Q# 1-0

[Event "December 5 Early 2023"]
[Site "https://www.chess.com"]
[Date "2023.12.05"]
[Round "9"]
[White "Duda, Jan-Krzysztof"]
[Black "Shimanov, Aleksandr"]
[Result "0-1"]
[Board "4"]
[TimeControl "180+1"]
[WhiteFideId "1170546"]
[BlackFideId "4198603"]
[WhiteElo "3066"]
[BlackElo "2974"]
[WhiteTeam "POL"]
[BlackTeam "RUS"]
[WhiteClock "0:00:00"]
[BlackClock "0:01:05"]

1. d4 Nf6 2. c4 g6 3. Nc3 Bg7 4. e4 d6 5. h3 Nbd7 6. Be3 e5 7. d5 Nc5 8. Qc2 a5 9. Nf3 O-O 10. g4 c6 11. O-O-O cxd5 12. cxd5 b6 13. Kb1 Bd7 14. Nd2 Rc8 15. f3 b5 16. Bxc5 Rxc5 17. Nb3 Rc8 18. Qd2 b4 19. Ne2 Qb6 20. Ng3 Rc7 21. h4 Rfc8 22. Bd3 a4 23. Na1 b3 24. h5 Nxd5 25. exd5 e4 26. axb3 axb3 27. Rc1 exd3 28. Rxc7 Rxc7 29. Qxd3 Bb5 30. Qxb3 Bd3+ 0-1

[Event "December 5 Early 2023"]
[Site "https://www.chess.com"]
[Date "2023.12.05"]
[Round "9"]
[White "Drygalov, Sergey"]
[Black "Zemlyanskii, Ivan"]
[Result "1-0"]
[Board "5"]
[TimeControl "180+1"]
[WhiteFideId "24171743"]
[BlackFideId "24249971"]
[WhiteElo "2969"]
[BlackElo "3028"]
[WhiteTeam "RUS"]
[BlackTeam "RUS"]
[WhiteClock "0:00:09"]
[BlackClock "0:00:00"]

1. d4 d5 2. c4 e6 3. Nf3 Nf6 4. Nc3 c6 5. e3 Nbd7 6. Qc2 Bd6 7. Bd3 dxc4 8. Bxc4 O-O 9. O-O b5 10. Be2 Bb7 11. e4 e5 12. dxe5 Nxe5 13. Nd4 Neg4 14. Nf5 Bxh2+ 15. Kh1 g6 16. f3 gxf5 17. fxg4 Nxg4 18. Rxf5 Bc7 19. Bxg4 Qh4+ 20. Kg1 Bb6+ 21. Kf1 Qh1+ 22. Ke2 Qxg2+ 23. Kd3 Rad8+ 24. Nd5 Qxc2+ 25. Kxc2 cxd5 26. Bh6 Rc8+ 27. Kb3 f6 28. Bxf8 Rxf8 29. exd5 Bc8 30. Rf4 Bc7 31. Rd4 Bb6 32. Rb4 f5 33. Bf3 Re8 34. Rc1 Bd7 35. Rh4 Re3+ 36. Rc3 Rxc3+ 37. bxc3 Kg7 38. c4 bxc4+ 39. Kxc4 Kg6 40. Rh2 Kg5 41. Rxh7 Ba4 42. d6 Kf4 43. Bb7 Ke5 44. d7 Kd6 45. Bc8 Bd8 46. Rh8 Kc7 47. Rf8 Bxd7 48. Bxd7 Kxd7 49. Rxf5 Bb6 50. Kb5 Be3 51. Rf7+ Kc8 52. Kc6 Kd8 53. Rf8+ Ke7 54. Ra8 Bg1 55. a4 Bf2 56. a5 Bg1 57. a6 Bf2 58. Rc8 Bg1 59. Rc7+ Ke6 60. Rg7 Bf2 61. Rg2 Bd4 62. Re2+ Kf7 63. Kb7 Bg1 64. Re1 Bd4 65. Re4 Bg1 66. Rg4 Bc5 67. Rg5 Be3 68. Rg3 Bd4 69. Rd3 Bb6 70. Rd6 Bg1 71. Rd1 Bb6 72. Re1 Kf6 73. Kc6 Kf7 74. Kd6 Kf8 75. Kd7 Kf7 76. Rf1+ Kg7 77. Kc6 Be3 78. Kb7 Bb6 79. Rf5 Kg6 80. Rf3 Kg7 81. Rf1 Bc5 82. Rf5 Bb6 83. Rd5 Kf6 84. Rd6+ Ke7 85. Rxb6 axb6 86. a7 1-0

[Event "December 5 Early 2023"]
[Site "https://www.chess.com"]
[Date "2023.12.05"]
[Round "9"]
[White "Nakamura, Hikaru"]
[Black "Henriquez Villagra, Cristobal"]
[Result "0-1"]
[Board "6"]
[TimeControl "180+1"]
[WhiteFideId "2016192"]
[BlackFideId "3409350"]
[WhiteElo "3244"]
[BlackElo "2976"]
[WhiteTeam "USA"]
[BlackTeam "CHI"]
[WhiteClock "0:00:09"]
[BlackClock "0:00:09"]

1. Nf3 Nf6 2. g3 d5 3. Bg2 c6 4. d3 Bf5 5. Nbd2 h6 6. c4 e6 7. b3 Be7 8. Bb2 O-O 9. O-O Bh7 10. Qc2 a5 11. a3 Na6 12. Bc3 Nd7 13. Qb2 Bf6 14. d4 b5 15. Qc1 bxc4 16. bxc4 Rb8 17. Re1 Qc7 18. e3 Rfc8 19. Bf1 Qa7 20. e4 c5 21. e5 Be7 22. cxd5 exd5 23. Qd1 Nf8 24. Nb3 Ne6 25. Bh3 a4 26. Na5 cxd4 27. Bxd4 Nac5 28. Bc3 Ne4 29. Rxe4 dxe4 30. Bxe6 fxe6 31. Nd4 Rxc3 32. Nac6 Qc7 33. Nxb8 Qxb8 34. Qxa4 Qc8 35. h4 Rc4 36. Qd1 Qd7 37. Ne2 Qxd1+ 38. Rxd1 Bxa3 39. Rd7 Bf5 40. Nf4 Bc1 41. Nh5 Bb2 42. g4 e3 43. f3 Bb1 44. Rxg7+ Kf8 45. Rb7 Rc1+ 46. Kg2 e2 47. Rb8+ Ke7 48. Rb7+ Kd8 49. Ng7 e1=Q 50. Nxe6+ Kc8 0-1

[Event "December 5 Early 2023"]
[Site "https://www.chess.com"]
[Date "2023.12.05"]
[Round "9"]
[White "Khismatullin, Denis"]
[Black "Naroditsky, Daniel"]
[Result "1/2-1/2"]
[Board "7"]
[TimeControl "180+1"]
[WhiteFideId "4142578"]
[BlackFideId "2026961"]
[WhiteElo "2943"]
[BlackElo "3166"]
[WhiteTeam "RUS"]
[BlackTeam "USA"]
[WhiteClock "0:00:14"]
[BlackClock "0:00:11"]

1. d4 Nf6 2. Nf3 g6 3. e3 Bg7 4. Be2 O-O 5. O-O d6 6. b4 e5 7. dxe5 dxe5 8. Qxd8 Rxd8 9. Bb2 Nc6 10. a3 e4 11. Nfd2 Bf5 12. Rd1 h5 13. h3 Rd7 14. Nc3 Nd5 15. Ndb1 Rad8 16. Kf1 Nb6 17. Rxd7 Rxd7 18. Ke1 Be6 19. Nd2 f5 20. Rd1 Ne5 21. Ndb1 Nec4 22. Rxd7 Bxd7 23. Bc1 h4 24. Nd5 Nxd5 25. Bxc4 Be6 26. Bb3 Kf7 27. Kd2 g5 28. Ke2 Nc3+ 29. Nxc3 Bxc3 30. Bd2 Bxd2 31. Kxd2 Bxb3 32. cxb3 Ke6 33. Ke2 Ke5 34. g3 a6 35. gxh4 gxh4 36. Kd2 Kd5 37. Kc3 b6 38. Kc2 c5 39. Kc3 b5 40. bxc5 Kxc5 41. b4+ Kd5 42. Kb3 Ke5 43. Kc3 Kd5 44. Kb3 f4 45. Kc3 Ke5 46. Kb3 Kd6 47. Kc3 Kd5 48. Kb3 fxe3 49. fxe3 Ke5 50. Kc3 Kd5 51. Kb3 Ke5 52. Kc2 Kd5 53. Kc3 Ke5 54. Kb3 Kd6 55. Kc3 Kd5 56. Kb3 1/2-1/2

[Event "December 5 Early 2023"]
[Site "https://www.chess.com"]
[Date "2023.12.05"]
[Round "9"]
[White "Caruana, Fabiano"]
[Black "Kamsky, Gata"]
[Result "1-0"]
[Board "8"]
[TimeControl "180+1"]
[WhiteFideId "2020009"]
[BlackFideId "2000024"]
[WhiteElo "3080"]
[BlackElo "2941"]
[WhiteTeam "USA"]
[BlackTeam "USA"]
[WhiteClock "0:00:28"]
[BlackClock "0:00:08"]

1. e4 c5 2. Nf3 e6 3. d4 cxd4 4. Nxd4 a6 5. Bd3 g6 6. O-O Bg7 7. Be3 Ne7 8. c4 Nbc6 9. Be2 O-O 10. Nc3 b6 11. Qd2 f5 12. Nxc6 Nxc6 13. exf5 gxf5 14. Rad1 Ne5 15. Qd6 b5 16. cxb5 axb5 17. Bxb5 f4 18. Bd4 Qg5 19. f3 Rf7 20. a4 Bb7 21. Kh1 Bf6 22. Rf2 h5 23. Re1 Ng6 24. Bxf6 Qxf6 25. Qb6 Bc8 26. Ne4 Qe7 27. Nd6 Rh7 28. Rc2 Qf8 29. Rec1 Ne7 30. Bd3 Rg7 31. Be4 Ra6 32. Qb8 h4 33. Rxc8 Nxc8 34. Rxc8 1-0

[Event "December 5 Early 2023"]
[Site "https://www.chess.com"]
[Date "2023.12.05"]
[Round "9"]
[White "Sychev, Klementy"]
[Black "So, Wesley"]
[Result "1/2-1/2"]
[Board "9"]
[TimeControl "180+1"]
[WhiteFideId "4114060"]
[BlackFideId "5202213"]
[WhiteElo "2908"]
[BlackElo "3051"]
[WhiteTeam "FID"]
[BlackTeam "USA"]
[WhiteClock "0:00:08"]
[BlackClock "0:00:13"]

1. e4 c5 2. Nf3 d6 3. d4 cxd4 4. Nxd4 Nf6 5. Nc3 a6 6. Bc4 e6 7. f4 b5 8. Bb3 Bb7 9. e5 dxe5 10. fxe5 Nfd7 11. Qh5 g6 12. Qh3 Nc5 13. Be3 Nbd7 14. O-O Qe7 15. Ndxb5 axb5 16. Nxb5 Nxe5 17. Rad1 Ba6 18. Qg3 Bxb5 19. Qxe5 Rg8 20. c4 Bc6 21. Kh1 Nxb3 22. axb3 Qb7 23. Rf2 Be7 24. Qf4 f5 25. Qh6 Bf8 26. Qh4 Rg7 27. Rfd2 h5 28. Bh6 Be7 29. Qf4 Rg8 30. Qe5 Kf7 31. Be3 Bf6 32. Qf4 Rad8 33. Kg1 Rxd2 34. Rxd2 Rd8 35. Rxd8 Bxd8 36. Qh6 Qd7 37. Qh7+ Kf6 38. Qh8+ Kf7 39. Qh7+ Ke8 40. Qg8+ Ke7 41. Bg5+ Kd6 42. Qxd8 Qxd8 43. Bxd8 Be4 44. b4 Bd3 45. c5+ Kd5 46. Kf2 e5 47. g3 f4 48. gxf4 exf4 49. Bg5 Ke5 50. c6 Kd6 51. Bxf4+ Kxc6 52. Ke3 Bf5 53. Kd4 Kb5 54. Bd6 Bb1 55. Be7 Bf5 56. Ke5 Bb1 57. Kf4 Bf5 58. Kg5 Bb1 59. h4 Bc2 60. Kh6 Bb1 61. Kg5 Bc2 62. Kh6 Bb1 63. Kg5 1/2-1/2

[Event "December 5 Early 2023"]
[Site "https://www.chess.com"]
[Date "2023.12.05"]
[Round "9"]
[White "Klukin, Kirill"]
[Black "Sarana, Alexey"]
[Result "0-1"]
[Board "10"]
[TimeControl "180+1"]
[WhiteFideId "24199273"]
[BlackFideId "24133795"]
[WhiteElo "2855"]
[BlackElo "2999"]
[WhiteTeam "RUS"]
[BlackTeam "SRB"]
[WhiteClock "0:00:00"]
[BlackClock "0:00:07"]

1. d4 Nf6 2. c4 e6 3. Nc3 Bb4 4. e3 O-O 5. Bd2 d5 6. Nf3 Nbd7 7. Bd3 dxc4 8. Bxc4 c5 9. a3 Bxc3 10. Bxc3 Ne4 11. Rc1 Nxc3 12. Rxc3 b6 13. Bb5 cxd4 14. Qxd4 Nc5 15. b4 Qxd4 16. Nxd4 Ne4 17. Rc7 Nd6 18. Bc6 Rb8 19. Rxa7 e5 20. Nb5 Rd8 21. O-O Be6 22. Nxd6 Rxd6 23. Rc7 Rd3 24. Rc1 Rbd8 25. h3 Rxa3 26. Rb7 g6 27. Rxb6 Rd2 28. Bb5 Raa2 29. Rf1 Rab2 30. Ba6 Kg7 31. Rb7 h5 32. Rb6 h4 33. Rb7 g5 34. Rb6 Kf8 35. Rb7 Kg7 36. Rb6 Bd5 37. Rb8 Be4 38. Rb6 Bf5 39. Bc4 Rbc2 40. Rc6 Bd3 41. Bxd3 Rxc6 42. Be4 Rc4 43. Bf5 Rxb4 44. Bg4 Kg6 45. Rc1 Rd6 46. Be2 f5 47. Bf3 e4 48. Be2 Rb2 49. Bc4 Rdd2 50. Rf1 Kf6 51. Bg8 Ke5 52. Bh7 Rdc2 53. Bg6 Rc6 54. Bh5 Rcb6 55. Kh2 Rb1 56. Rxb1 Rxb1 57. Bg6 Rf1 0-1

[Event "December 5 Early 2023"]
[Site "https://www.chess.com"]
[Date "2023.12.05"]
[Round "9"]
[White "Bortnyk, Olexandr"]
[Black "Harutjunyan, Gevorg"]
[Result "1-0"]
[Board "11"]
[TimeControl "180+1"]
[WhiteFideId "14120828"]
[BlackFideId "13300873"]
[WhiteElo "3068"]
[BlackElo "2894"]
[WhiteTeam "UKR"]
[BlackTeam "ARM"]
[WhiteClock "0:02:06"]
[BlackClock "0:00:30"]

1. e4 c6 2. c4 d5 3. cxd5 cxd5 4. exd5 Nf6 5. Qa4+ Bd7 6. Qb3 e6 7. Qxb7 exd5 8. Nc3 Bc5 9. Qxa8 Qb6 10. Nxd5 Bxf2+ 11. Kd1 Ba4+ 12. b3 Bxb3+ 13. axb3 Qxb3+ 14. Ke2 Nxd5 15. Kxf2 O-O 16. Qxa7 Nc6 17. Qc5 Ne5 18. Nf3 Ng4+ 19. Kg1 Re8 20. h3 Ngf6 21. Bc4 Qc2 22. Qd4 1-0

[Event "December 5 Early 2023"]
[Site "https://www.chess.com"]
[Date "2023.12.05"]
[Round "9"]
[White "Paravyan, David"]
[Black "Popov, Konstantin"]
[Result "0-1"]
[Board "12"]
[TimeControl "180+1"]
[WhiteFideId "4194985"]
[BlackFideId "34137910"]
[WhiteElo "3001"]
[BlackElo "2883"]
[WhiteTeam "FID"]
[BlackTeam "FID"]
[WhiteClock "0:00:05"]
[BlackClock "0:00:09"]

1. e4 c5 2. Nf3 d6 3. d4 cxd4 4. Nxd4 Nf6 5. Nc3 a6 6. f3 e5 7. Nb3 Be6 8. Be3 h5 9. Qd2 Nbd7 10. Nd5 Bxd5 11. exd5 g6 12. O-O-O Rc8 13. Kb1 Nb6 14. Bg5 Be7 15. Bd3 Ne4 16. fxe4 Bxg5 17. Qb4 Qc7 18. a4 Nd7 19. a5 Kf8 20. Rhf1 Kg7 21. Rf2 Rhf8 22. Rf3 Be7 23. Rdf1 Nf6 24. c4 Ng4 25. Rh1 Nf6 26. Rc1 Nd7 27. g3 Nc5 28. Nxc5 dxc5 29. Qc3 Bd8 30. Rcf1 f6 31. Qb3 Rb8 32. g4 hxg4 33. Rg3 Rh8 34. Rxg4 Rxh2 35. Bc2 g5 36. Qf3 Qe7 37. d6 Qxd6 38. Rxg5+ fxg5 39. Qf7+ Kh6 40. Rd1 Qf6 41. Qd5 Qf2 42. Ka2 Bf6 43. Qe6 Rf8 44. Qd6 Kg7 45. Rc1 Qd2 46. Kb1 Qxd6 0-1

[Event "December 5 Early 2023"]
[Site "https://www.chess.com"]
[Date "2023.12.05"]
[Round "9"]
[White "Gokerkan, Cem Kaan"]
[Black "Xiong, Jeffery"]
[Result "0-1"]
[Board "13"]
[TimeControl "180+1"]
[WhiteFideId "6336760"]
[BlackFideId "2047640"]
[WhiteElo "2872"]
[BlackElo "3000"]
[WhiteTeam "TUR"]
[BlackTeam "USA"]
[WhiteClock "0:00:00"]
[BlackClock "0:00:18"]

1. e4 c5 2. Nf3 d6 3. d4 cxd4 4. Nxd4 Nf6 5. Nc3 a6 6. Bc4 e6 7. Be3 b5 8. Bb3 Bb7 9. f3 Nc6 10. Qe2 Be7 11. g4 Nd7 12. O-O-O O-O 13. h4 Nxd4 14. Bxd4 b4 15. Na4 Bc6 16. c3 Bb5 17. Qc2 Rc8 18. Kb1 e5 19. Be3 Bxa4 20. Bxa4 bxc3 21. g5 cxb2 22. Qe2 Nc5 23. Bc2 Qc7 24. h5 Qc6 25. Bxc5 dxc5 26. g6 c4 27. Rd5 h6 28. gxf7+ Rxf7 29. Rxe5 Bg5 30. Rd5 Rcf8 31. Rf1 c3 32. Rd3 Kh8 33. e5 Qb5 34. Rfd1 Rf5 35. e6 Re5 36. Qg2 Qb4 37. f4 Qxf4 38. Rxc3 Qc1+ 0-1

[Event "December 5 Early 2023"]
[Site "https://www.chess.com"]
[Date "2023.12.05"]
[Round "9"]
[White "Kuzubov, Yuriy"]
[Black "Navara, David"]
[Result "0-1"]
[Board "14"]
[TimeControl "180+1"]
[WhiteFideId "14112906"]
[BlackFideId "309095"]
[WhiteElo "2867"]
[BlackElo "2985"]
[WhiteTeam "UKR"]
[BlackTeam "CZE"]
[WhiteClock "0:00:01"]
[BlackClock "0:01:17"]

1. d4 d5 2. c4 c6 3. Nf3 Nf6 4. Nc3 e6 5. Bg5 h6 6. Bxf6 Qxf6 7. a3 dxc4 8. Ne5 b5 9. g3 Bd6 10. f4 Bb7 11. Bg2 Qe7 12. O-O O-O 13. e3 a6 14. f5 Bxe5 15. dxe5 exf5 16. Rxf5 Nd7 17. Qd6 Rfe8 18. Ne4 Nxe5 19. Qxe7 Rxe7 20. Nd6 f6 21. Nxb7 Rxb7 22. Rxe5 fxe5 23. Bxc6 Rab8 24. Bd5+ Kf8 25. Rf1+ Ke8 26. Bxb7 Rxb7 27. Rf5 Re7 28. g4 a5 29. g5 hxg5 30. Rxg5 b4 31. axb4 axb4 32. Kf2 Kf7 33. Ke2 Kf6 34. Rg4 Rc7 35. h4 c3 36. bxc3 bxc3 37. Kd1 c2+ 38. Kc1 g6 39. e4 Rc4 40. Rg1 Rxe4 41. Kxc2 Rxh4 42. Kd3 Kf5 0-1

[Event "December 5 Early 2023"]
[Site "https://www.chess.com"]
[Date "2023.12.05"]
[Round "9"]
[White "Klekowski, Maciej"]
[Black "Yilmaz, Mustafa"]
[Result "1-0"]
[Board "15"]
[TimeControl "180+1"]
[WhiteFideId "1132717"]
[BlackFideId "6302718"]
[WhiteElo "2846"]
[BlackElo "2955"]
[WhiteTeam "POL"]
[BlackTeam "TUR"]
[WhiteClock "0:00:03"]
[BlackClock "0:00:03"]

1. c4 Nf6 2. Nc3 e5 3. g3 d5 4. cxd5 Nxd5 5. Bg2 Nb6 6. e3 Nc6 7. Nge2 Qd3 8. f4 f6 9. Be4 Qd6 10. fxe5 Nxe5 11. d4 Nec4 12. Nf4 c6 13. Qh5+ Kd8 14. Ng6 hxg6 15. Qxh8 f5 16. b3 Qb4 17. O-O Na3 18. Bd2 Qe7 19. g4 Kc7 20. gxf5 gxf5 21. Bg2 Be6 22. d5 cxd5 23. Rac1 Kd7 24. Ne2 g6 25. Qe5 Nb5 26. a4 Bg7 27. Qg3 Nd6 28. Bb4 Rg8 29. Nf4 Be5 30. a5 Nbc8 31. Qf3 Qf7 32. Nxd5 Ne4 33. Qxe4 fxe4 34. Rxf7+ Bxf7 35. Bh3+ Be6 36. Bxe6+ Kxe6 37. Nc7+ Kf5 38. Rf1+ Kg4 39. Nd5 Rh8 40. Rf2 Nd6 41. Bxd6 Bxd6 42. Nf6+ Kh3 43. Nxe4 Be7 44. Rf3+ Kh4 45. Rf4+ Kh5 46. Ng3+ Kh6 47. Rf7 Bc5 48. Kg2 Re8 49. e4 b6 50. a6 b5 51. Rc7 Bb6 52. Rc6 Re6 53. Rxe6 1-0

[Event "December 5 Early 2023"]
[Site "https://www.chess.com"]
[Date "2023.12.05"]
[Round "9"]
[White "Vakhlamov, Igor L."]
[Black "Grigoriants, Sergey"]
[Result "1/2-1/2"]
[Board "16"]
[TimeControl "180+1"]
[WhiteFideId "24126748"]
[BlackFideId "4130804"]
[WhiteElo "2840"]
[BlackElo "2939"]
[WhiteTeam "RUS"]
[BlackTeam "HUN"]
[WhiteClock "0:00:36"]
[BlackClock "0:00:13"]

1. e4 e5 2. Nf3 Nc6 3. Nc3 Nf6 4. Bb5 Bb4 5. Nd5 Bc5 6. O-O a6 7. Bc4 b5 8. Bb3 d6 9. c3 h6 10. d4 Ba7 11. Nxf6+ Qxf6 12. Bd5 Bd7 13. Be3 O-O 14. a4 Bb6 15. dxe5 dxe5 16. Bxb6 cxb6 17. axb5 axb5 18. Rxa8 Rxa8 19. Qd3 b4 20. Nd2 bxc3 21. bxc3 Rd8 22. Qe3 Ne7 23. c4 b5 24. h3 bxc4 25. Bxc4 Be6 26. Bxe6 Qxe6 27. Nf3 Nc6 28. Rc1 Nd4 29. Nxd4 exd4 30. Qd3 Qe5 31. Rd1 h5 32. h4 g6 33. g3 Qe6 34. Kg2 Qc6 35. Rd2 Re8 36. Qxd4 Qxe4+ 37. Qxe4 Rxe4 38. Kf3 1/2-1/2

[Event "December 5 Early 2023"]
[Site "https://www.chess.com"]
[Date "2023.12.05"]
[Round "9"]
[White "Tran, Tuan Minh"]
[Black "Javakhadze, Zurab"]
[Result "1-0"]
[Board "17"]
[TimeControl "180+1"]
[WhiteFideId "12401820"]
[BlackFideId "13603647"]
[WhiteElo "2938"]
[BlackElo "2840"]
[WhiteTeam "VIE"]
[BlackTeam "GEO"]
[WhiteClock "0:00:51"]
[BlackClock "0:00:00"]

1. d4 d5 2. c4 e6 3. Nc3 Nf6 4. Nf3 Nbd7 5. Bf4 dxc4 6. e3 Nd5 7. Bxc4 Nxf4 8. exf4 a6 9. O-O Bd6 10. g3 O-O 11. Bb3 b5 12. d5 Nc5 13. Nd4 Nxb3 14. Qxb3 exd5 15. Qxd5 Bh3 16. Rfd1 Bg4 17. Rd2 Bb4 18. Nc6 Qxd5 19. Rxd5 Bd6 20. Kg2 Rfe8 21. f3 Bd7 22. Ne5 Be6 23. Rd2 f6 24. Nc6 Bf7 25. Ne4 Bf8 26. a4 f5 27. Nc3 b4 28. Ne2 Bd6 29. Ned4 g6 30. a5 Re3 31. Rc1 b3 32. Kf2 Rae8 33. Re2 Rxe2+ 34. Nxe2 Bd5 35. Ned4 Kf7 36. Ne5+ Bxe5 37. fxe5 Rxe5 38. Rxc7+ Re7 39. Rc5 Rd7 40. Ke3 Ke7 41. Rc8 Kd6 42. Rb8 Re7+ 43. Kd2 Rc7 44. Nxb3 Bxf3 45. Nd4 Be4 46. Rb6+ Ke5 47. Ke3 Rd7 48. Re6+ Kd5 49. Rxa6 Kc4 50. Ne6 Kb5 51. Rb6+ Kxa5 52. Rb8 h6 53. b4+ Ka6 54. Nc5+ Ka7 55. Nxd7 1-0

[Event "December 5 Early 2023"]
[Site "https://www.chess.com"]
[Date "2023.12.05"]
[Round "9"]
[White "Maksimovic, Bojan"]
[Black "Bocharov, Dmitry"]
[Result "0-1"]
[Board "18"]
[TimeControl "180+1"]
[WhiteFideId "14408120"]
[BlackFideId "4138716"]
[WhiteElo "2935"]
[BlackElo "2834"]
[WhiteTeam "BIH"]
[BlackTeam "RUS"]
[WhiteClock "0:00:01"]
[BlackClock "0:00:41"]

1. e4 c5 2. Nf3 Nc6 3. d4 cxd4 4. Nxd4 Nf6 5. Nc3 e5 6. Nxc6 bxc6 7. Bd3 Bc5 8. O-O O-O 9. Na4 Be7 10. c4 d5 11. cxd5 cxd5 12. exd5 Nxd5 13. Nc3 Nxc3 14. bxc3 Bb7 15. Qe2 Qc7 16. Be3 Bc5 17. Rac1 Rfd8 18. Bxc5 Qxc5 19. Be4 Bxe4 20. Qxe4 Rac8 21. h3 g6 22. Rc2 Qd5 23. Re1 Qxe4 24. Rxe4 f6 25. f4 exf4 26. Rxf4 Kf7 27. Ra4 Rc7 28. c4 Rd4 29. Kf2 f5 30. Ra6 h5 31. c5 h4 32. Ke3 Rd5 33. c6 Ke6 34. Rb2 Rc5 35. Rb7 R7xc6 36. Rbxa7 g5 37. Rxc6+ Rxc6 38. a4 Rc3+ 39. Kf2 Ke5 40. Rb7 Rc2+ 41. Kf3 Rc3+ 42. Kf2 Rc4 43. a5 Ra4 44. Rb5+ Kf4 45. Rc5 Ra2+ 46. Kf1 g4 47. hxg4 fxg4 48. Rb5 Kg3 49. Rb3+ Kh2 50. Rb4 h3 51. gxh3 g3 52. Rg4 g2+ 53. Ke1 g1=Q+ 54. Rxg1 Kxg1 55. h4 Rxa5 56. h5 Rxh5 0-1

[Event "December 5 Early 2023"]
[Site "https://www.chess.com"]
[Date "2023.12.05"]
[Round "9"]
[White "Hayrapetyan, Hovik"]
[Black "Svane, Rasmus"]
[Result "0-1"]
[Board "19"]
[TimeControl "180+1"]
[WhiteFideId "13302639"]
[BlackFideId "4657101"]
[WhiteElo "2821"]
[BlackElo "2934"]
[WhiteTeam "ARM"]
[BlackTeam "GER"]
[WhiteClock "0:00:10"]
[BlackClock "0:01:57"]

1. d4 d5 2. c4 e6 3. Nc3 a6 4. cxd5 exd5 5. Nf3 Nf6 6. Bg5 Be6 7. e3 Nbd7 8. Bd3 c6 9. O-O Bd6 10. Bf4 Qc7 11. Bxd6 Qxd6 12. h3 O-O 13. Qc2 g6 14. b4 Qe7 15. a4 Nb6 16. b5 cxb5 17. axb5 a5 18. Na4 Rfc8 19. Qb3 Nfd7 20. Rfc1 Rxc1+ 21. Rxc1 Nxa4 22. Qxa4 Nb6 23. Qa2 a4 24. Rc5 a3 25. Nd2 Nd7 26. Rc3 Qb4 27. Rb3 Qa4 28. Nb1 Qxb3 29. Qxb3 a2 0-1

[Event "December 5 Early 2023"]
[Site "https://www.chess.com"]
[Date "2023.12.05"]
[Round "9"]
[White "Dragnev, Valentin"]
[Black "Vokhidov, Shamsiddin"]
[Result "1/2-1/2"]
[Board "20"]
[TimeControl "180+1"]
[WhiteFideId "1634852"]
[BlackFideId "14204223"]
[WhiteElo "2806"]
[BlackElo "2916"]
[WhiteTeam "AUT"]
[BlackTeam "UZB"]
[WhiteClock "0:00:05"]
[BlackClock "0:00:11"]

1. e4 c5 2. Nc3 Nc6 3. Nf3 e6 4. d4 cxd4 5. Nxd4 Qc7 6. Ncb5 Qb8 7. Bd3 Nf6 8. O-O Be7 9. Re1 O-O 10. Nf3 a6 11. Nbd4 Nxd4 12. Nxd4 d6 13. c4 Qc7 14. b3 b6 15. Bb2 Bb7 16. Rc1 Rac8 17. Qf3 Qb8 18. Qh3 Rfe8 19. Nf3 h6 20. e5 dxe5 21. Nxe5 Bc5 22. Ng4 Qf4 23. Nxf6+ gxf6 24. Qg3+ Qxg3 25. hxg3 Kg7 26. Be4 Bxe4 27. Rxe4 h5 28. g4 Rh8 29. g5 Be7 30. Re3 h4 31. Rf3 e5 32. Re1 Rh5 33. gxf6+ Bxf6 34. Re4 Kg6 35. Rg4+ Rg5 36. Rxh4 Rd8 37. Rhh3 Rd2 38. Bc3 Rxa2 39. Rhg3 Re2 40. Kf1 Rc2 41. Ke1 Rxg3 42. Rxg3+ Kf5 43. Rf3+ Ke6 44. Re3 Bg7 45. Bxe5 Bxe5 46. f4 f6 47. fxe5 fxe5 48. g4 Rg2 49. Re4 a5 50. Kd1 Kd6 51. Kc1 Ke6 52. Kb1 Rf2 53. Kc1 Rf4 54. Rxf4 exf4 55. Kd1 Ke5 56. Ke2 Kf6 57. Kf2 Kg6 58. Kg2 Kf6 59. Kf2 Kg6 60. Kg2 Kh6 61. Kf2 Kg6 1/2-1/2

[Event "December 5 Early 2023"]
[Site "https://www.chess.com"]
[Date "2023.12.05"]
[Round "9"]
[White "Kozak, Antoni"]
[Black "Zhigalko, Sergei"]
[Result "0-1"]
[Board "21"]
[TimeControl "180+1"]
[WhiteFideId "21832030"]
[BlackFideId "13502956"]
[WhiteElo "2729"]
[BlackElo "2908"]
[WhiteTeam "POL"]
[BlackTeam "BLR"]
[WhiteClock "0:00:01"]
[BlackClock "0:00:05"]

1. Nf3 d5 2. e3 Nf6 3. c4 e6 4. b3 Bd6 5. Bb2 O-O 6. Nc3 b6 7. cxd5 exd5 8. g3 Re8 9. Bg2 Ba6 10. d3 Nbd7 11. O-O Nc5 12. Ne1 c6 13. b4 Ne6 14. b5 Bb7 15. bxc6 Bxc6 16. Ne2 Nc5 17. Nd4 Bd7 18. Nef3 Rc8 19. Rc1 Qe7 20. Qd2 Rc7 21. Nh4 g6 22. Nhf3 Rec8 23. Rfd1 Ba4 24. Re1 Bd7 25. Ba3 Qf8 26. Bb2 Na4 27. Rxc7 Rxc7 28. Rc1 Nxb2 29. Rxc7 Bxc7 30. Qxb2 Qe7 31. Nb5 Bb8 32. Nc3 Bf5 33. Qb5 Qd7 34. Qa6 Qc7 35. Qa3 Bxd3 36. Nxd5 Nxd5 37. Qxd3 Nb4 38. Qd2 Qd6 39. Nd4 Bc7 40. Qb2 Bd8 41. Qb3 Bf6 42. a3 Na6 43. Nb5 Qd7 44. Bf1 Nc5 45. Qc4 a6 46. Nd4 Kg7 47. Ne2 Qd6 48. Nf4 b5 49. Qc2 Nd7 50. Qb3 Nc5 51. Qc2 Na4 52. Qb3 Bb2 53. Nd3 Qxa3 54. Qd5 Qe7 55. Nxb2 Nxb2 56. Qc6 Qf6 57. Qc5 Nd1 58. Qa3 Qxf2+ 59. Kh1 Qxf1# 0-1